 Dungeon Crawl Stone Soup version 0.30.1-4-g462c640d31 (webtiles) character file.

Game seed: 6631549754383833033

332 Amplified the Cudgeller (level 6, 0/48 HPs)
             Began as a Demonspawn Reaver on Sept 7, 2023.
             Slain by a lemure (7 damage)
             ... led by Pikel
             ... on level 4 of the Dungeon.
             The game lasted 00:04:25 (2642 turns).

Amplified the Cudgeller (Demonspawn Reaver)         Turns: 2642, Time: 00:04:26

Health: 0/48       AC:  5    Str: 11 (14) XL:     6   Next: 26%
Magic:  9/9        EV: 12    Int: 14 (15) God:
Gold:   145        SH:  0    Dex: 10 (11) Spells: 6/9 levels left

rFire   . . .        a - +0 mace
rCold   . . .        (no shield)
rNeg    . . .        b - +1 leather armour
rPois   +            (helmet restricted)
rElec   .            (no cloak)
rCorr   .            h - +0 pair of gloves
SInv    .            (no boots)
Will    .....        (no amulet)
Stlth   +            (no ring)
HPRegen 0.28/turn    (no ring)
MPRegen 0.11/turn

%: no passive effects
@: no status effects
A: spiny 2, demonic magic 1, weakness stinger 1, antennae 1, talons 1, poison
resistance
a: no special abilities


You were on level 4 of the Dungeon.
You visited 1 branch of the dungeon, and saw 4 of its levels.

You collected 145 gold pieces.

Inventory:

Hand Weapons
 a - a +0 mace (weapon)
Missiles
 e - 4 javelins
 o - 2 datura-tipped darts (quivered)
Armour
 b - a +1 leather armour (worn)
 h - a +0 pair of gloves (worn)
Magical Staves
 c - a staff of conjuration
Jewellery
 m - an amulet of faith
Scrolls
 j - 2 scrolls of enchant weapon
 l - a scroll of noise
 q - a scroll of fog
Potions
 d - a potion of attraction
 f - a potion of brilliance
 g - a potion of degeneration
 p - a potion of magic {unknown}


   Skills:
 * Level 3.7 Fighting
 * Level 4.0 Maces & Flails
 * Level 2.6 Armour
 * Level 3.3 Dodging
 - Level 2.0 Spellcasting
 - Level 3.0 Conjurations


You had 6 spell levels left.
You knew the following spells:

 Your Spells              Type           Power      Damage    Failure   Level
a - Kiss of Death         Conj/Necr      20%        2d7       17%         1
b - Momentum Strike       Conj/Tloc      10%        3d8       26%         2

Your spell library contained the following spells:

 Spells                   Type           Power      Damage    Failure   Level
 Sandblast                Erth           2%         2d4       30%         1
 Passwall                 Tmut/Erth      0%         N/A       43%         2
 Scorch                   Fire           2%         2d5       43%         2
 Hailstorm                Conj/Ice       5%         3d4       45%         3
 Stone Arrow              Conj/Erth      10%        3d7       45%         3
 Ozocubu's Armour         Ice            1%         N/A       67%         3
 Flame Wave               Conj/Fire      5%         2d5       86%         4
 Summon Cactus Giant      Summ           0%         N/A       100%        6
 Ozocubu's Refrigeration  Ice            0%         4d7       100%        7


Dungeon Overview and Level Annotations

Branches:
Dungeon (4/15)             Temple (0/1) D:4

Altars:

Shops:
D:3 :

Annotations:
D:2 Sigmund
D:4 Pikel


Innate Abilities, Weirdness & Mutations

You are mostly covered in sharp spines.
Spells you cast may paralyse adjacent enemies.
You have a small tail.
You have a pair of small antennae on your head.
You have sharp toenails.
Your system is resistant to poisons. (rPois)


Message History

The lemure is almost dead.
The lemure shouts!
Pikel is struck by your spines.
Pikel hits you with a +1 whip of freezing.
Pikel freezes you.
Unknown command.
Okay, then.
Okay, then.
Okay, then.
As you read the scroll labelled LIKIRA IBROST, it crumbles to dust.
You feel strangely unstable.
It was a scroll of teleportation.
Pikel is struck by your spines. Pikel misses you.
You hit Pikel. Your kick misses Pikel.
Pikel is heavily wounded.
Pikel hits you with a +1 whip of freezing.
Pikel freezes you.
Unknown command.
You hit Pikel but do no damage. Your kick misses Pikel.
Pikel is heavily wounded.
Pikel hits you with a +1 whip of freezing.
Pikel freezes you.
Unknown command.
You barely miss Pikel. You claw Pikel, but do no damage.
Pikel is heavily wounded.
Pikel hits you with a +1 whip of freezing!
Pikel freezes you.
Unknown command.
You hit Pikel.
Pikel is heavily wounded.
Your surroundings suddenly seem different.
The lemure hits you.
* * * LOW HITPOINT WARNING * * *
The lemure hits you.
* * * LOW HITPOINT WARNING * * *
The lemure is struck by your spines. The lemure hits you.
* * * LOW HITPOINT WARNING * * *
As you read the scroll labelled FOZUMA WEMONN, it crumbles to dust.
You hear a loud clanging noise!
It was a scroll of noise.
Pikel completely misses you. The lemure hits you!
You die...

..## <# ...# .#
#..# ## #..#
#..# .# #..# .#
#..# .#
#@K###.#
#55.(#.#
......5#.#.#
.#######.#.#
#### #....#
...# #..###
##.#
#.######..##
#.#
#..........####
#.#
#######.......#


You could see Pikel and 3 lemures.

Vanquished Creatures
  A sky beast (D:4)
  A lemure (D:4)
  4 orc wizards (D:4)
  Natasha (thrice) (D:4)
  2 adders
  A dart slug (D:1)
  An orc (D:3)
  4 endoplasms
  4 giant cockroaches
  3 goblins
  2 hobgoblins (D:4)
  2 jackals (D:3)
  5 kobolds
  4 quokkas
  3 ball pythons
  4 bats
  2 frilled lizards
  3 rats (D:1)
49 creatures vanquished.

Notes
Turn   | Place    | Note
-------+----------+-------------------------------------------
     0 | D:1      | Amplified the Demonspawn Reaver began the quest for the
                  | Orb.
     0 | D:1      | Reached XP level 1. HP: 16/16 MP: 3/3
   115 | D:1      | Gained mutation: Spells you cast may paralyse adjacent
                  | enemies. [demonic ancestry]
   115 | D:1      | Reached XP level 2. HP: 21/22 MP: 5/5
   569 | D:1      | Found a faded altar of an unknown god.
   817 | D:2      | Reached skill level 3 in Maces & Flails
   865 | D:2      | Noticed Sigmund
  1198 | D:3      | Reached skill level 1 in Armour
  1277 | D:3      | Reached XP level 3. HP: 21/28 MP: 6/6
  1545 | D:3      | Found Ytuwnuo's Book Shop.
  1872 | D:4      | Gained mutation: You have a small tail. [demonic ancestry]
  1872 | D:4      | Reached XP level 4. HP: 23/34 MP: 7/7
  1880 | D:4      | Noticed Natasha
  1887 | D:4      | Killed Natasha
  1900 | D:4      | Noticed Natasha
  1912 | D:4      | Killed Natasha
  2037 | D:4      | Noticed a sky beast
  2046 | D:4      | Killed a sky beast
  2047 | D:4      | Gained mutation: You are partially covered in sharp spines.
                  | [demonic ancestry]
  2047 | D:4      | Reached XP level 5. HP: 34/41 MP: 8/8
  2141 | D:4      | Learned a level 2 spell: Momentum Strike
  2196 | D:4      | Noticed a lemure
  2222 | D:4      | Killed a lemure
  2335 | D:4      | Found a staircase to the Ecumenical Temple.
  2365 | D:4      | Gained mutation: You are mostly covered in sharp spines.
                  | [demonic ancestry]
  2365 | D:4      | Reached XP level 6. HP: 44/47 MP: 9/9
  2571 | D:4      | Noticed Natasha
  2585 | D:4      | Killed Natasha
  2586 | D:4      | Reached skill level 4 in Maces & Flails
  2626 | D:4      | Noticed Pikel
  2635 | D:4      | Gained mutation: You have sharp toenails. [potion of
                  | mutation]
  2635 | D:4      | Gained mutation: You have a pair of small antennae on your
                  | head. [potion of mutation]
  2635 | D:4      | Gained mutation: Your system is resistant to poisons.
                  | (rPois) [potion of mutation]
  2642 | D:4      | Slain by a lemure

Illustrated notes

Levels and vault maps discovered:
D:1:      wander_arrival_lonely_grave, layout_basic, basic_ecumenical_altar
D:2:      layout_basic, uniq_sigmund
D:3:      layout_basic, serial_shops, nicolae_shop_tiny_glass,
          minmay_goblin_kobold_house
D:4:      layout_loops_ring, nicolae_vehumet_altar_sigil,
          minmay_temple_entry_glassed_door, uniq_natasha, uniq_pikel

Skill      XL: |  1  2  3  4  5  6 |
---------------+-------------------+-----
Dodging        | 2 3 |  3.3
Maces & Flails | 3 4 |  4.0
Armour         | 1 2 |  2.6
Fighting       | 3 |  3.7
Spellcasting   | |  2.0
Conjurations   | |  3.0

Action                     |  1- 3 |  4- 6 || total
---------------------------+-------+-------++-------
  Melee: Mace              |   130 |    63 ||   193
         Punch             |     1 |       ||     1
         Tailslap          |       |    11 ||    11
         Kick              |       |     1 ||     1
  Throw: Dart              |       |     4 ||     4
    Use: Scroll            |     2 |     5 ||     7
         Potion            |     5 |     6 ||    11
 Armour: Leather armour    |    62 |    13 ||    75
  Dodge: Dodged            |    91 |    31 ||   122
